 Dungeon Crawl Stone Soup version 0.31-a0-1074-g0b22e4e0f1 (webtiles) character file.

Game seed: 17870681186886264623

32 monsoonserge the Charlatan (level 3, -1/23 HPs)
             Began as an Octopode Artificer on Dec 4, 2023.
             Slain by Terence
             ... wielding a +0 mace
              (7 damage)
             ... on level 2 of the Dungeon.
             The game lasted 00:02:33 (1163 turns).

monsoonserge the Charlatan (Octopode Artificer)     Turns: 1163, Time: 00:02:34

Health: -1/23      AC:  1    Str: 13    XL:     3   Next: 27%
Magic:  3/3        EV: 13    Int: 13    God:
Gold:   67         SH:  0    Dex: 12    Spells: 2/2 levels left

rFire   . . .        i - +0 long sword
rCold   . . .        (no shield)
rNeg    . . .        (helmet restricted)
rPois   .            j - amulet of magic regeneration
rElec   .            (no ring)
rCorr   .            (no ring)
SInv    .            (no ring)
Will    .....        (no ring)
Stlth   +++          (no ring)
HPRegen 0.23/turn    (no ring)
MPRegen 0.48/turn    (no ring)
                     (no ring)

%: no passive effects
@: no status effects
A: almost no armour, amphibious, 8 rings, camouflage 1, gelatinous body 1,
(nimble swimmer 1), tentacles
a: no special abilities


You were on level 2 of the Dungeon.
You visited 1 branch of the dungeon, and saw 2 of its levels.

You collected 67 gold pieces.

Inventory:

Hand Weapons
 i - a +0 long sword (weapon)
 p - the +3 whip of Sandy Tortfeasance {freeze, rF+ rC- rN+}
   (You found it on level 2 of the Dungeon)

   rF+:       It protects you from fire.
   rC-:       It makes you vulnerable to cold.
   rN+:       It protects you from negative energy.
Magical Staves
 n - a staff of fire
Jewellery
 j - an amulet of magic regeneration (around mantle)
Wands
 b - a wand of flame (15) (quivered)
 c - a wand of charming (15)
 d - a wand of iceblast (5)
Scrolls
 h - a scroll of identify {unknown}
 k - a scroll of blinking {unknown}
 o - 3 scrolls of amnesia {unknown}
Potions
 a - 2 potions of ambrosia {unknown}
 e - a potion of mutation {unknown}
 f - 2 potions of curing {unknown}
 g - a potion of magic {unknown}
 l - a potion of lignification {unknown}
 m - a potion of attraction {unknown}


   Skills:
 - Level 1.0 Fighting
 - Level 3.0 Dodging
 + Level 1.9 Stealth
 * Level 0.6 Unarmed Combat
 - Level 4.0 Evocations


You had 2 spell levels left.
You didn't know any spells.
Your spell library contained the following spells:

 Spells                   Type           Power      Damage    Failure   Level
 Malign Gateway           Summ/Tloc      0%         N/A       100%        7
 Summon Horrible Things   Summ           0%         N/A       100%        8


Dungeon Overview and Level Annotations

Branches:
Dungeon (2/15)

Altars:

Shops:
D:1 =   D:2 [

Annotations:
D:2 Sigmund, Terence


Innate Abilities, Weirdness & Mutations

You cannot wear most types of armour.
You are amphibious.
You can wear up to eight rings at the same time.
Your skin changes colour to match your surroundings (Stealth+).
Your rubbery body absorbs attacks. (AC +1, EV +1)
((You are camouflaged when in or above water. (Stealth+)))
You have tentacles for arms and can constrict up to eight enemies at once.


Message History

You hit the plant.
The plant begins to die.
You grab the plant.
The plant is lightly damaged.
You constrict the plant.
You release your grip on the plant.
You see here the +4 ring mail of the Eternal Void {*Slow Regen+ Int+3}.
A nearby plant withers and dies.
You see here an adder corpse.
Found a stone staircase leading down.
Found a scale mail.
A quokka comes into view.
Found a scroll labelled OCOISU LINEGGI.
Found an escape hatch in the floor.
Terence the Incautious comes into view.
He is wielding a +0 mace and carrying a wand of flame.
You see here a scroll labelled OCOISU LINEGGI.
The helpless quokka fails to defend itself.
You slash the quokka!
You kill the quokka!
Training target 3.0 for Dodging reached!
Your Dodging skill increases to level 3!
Press: ? - help, v - describe, . - travel
Here: Terence, wielding a +0 mace, wearing a +0 scale mail and carrying a wand of flame (asleep)
The floor.
The helpless Terence fails to defend himself.
You hit Terence but do no damage. Your grab misses Terence.
Your squeeze misses Terence. Terence hits you with a +0 mace!
You closely miss Terence. You grab Terence.
You constrict Terence, but do no damage.
Terence barely misses you.
You completely miss Terence. You constrict Terence.
Terence hits you with a +0 mace. x2
You hit Terence.
Terence is moderately wounded.
You constrict Terence. Terence hits you with a +0 mace.
* * * LOW HITPOINT WARNING * * *
You hit Terence but do no damage.
Terence is moderately wounded.
You constrict Terence, but do no damage.
Terence hits you with a +0 mace!
You die...
Terence says, "Rest in peace."

#..##.#.##
##.##.#..#
#.##.##.#
#########....##.#
##..........#.##.#
##.............##.#
#.>..†?........##.#
#........>.....##.#
#.@...........>##..
#@.....[...........
#...............##.
##............#.###
##..........#..# #
#######.#..#.#
..... .#


You could see Terence.

Vanquished Creatures
  An adder (D:2)
  A worm (D:2)
  4 ball pythons (D:1)
  An endoplasm (D:1)
  A giant cockroach (D:2)
  2 goblins
  3 jackals (D:1)
  A kobold (D:1)
  A quokka (D:2)
  2 bats
  2 rats (D:1)
19 creatures vanquished.

Notes
Turn   | Place    | Note
-------+----------+-------------------------------------------
     0 | D:1      | monsoonserge the Octopode Artificer began the quest for the
                  | Orb.
     0 | D:1      | Reached XP level 1. HP: 13/13 MP: 1/1
   302 | D:1      | Found Raseitzo's Jewellery Shoppe.
   314 | D:1      | Reached XP level 2. HP: 13/18 MP: 2/2
  1037 | D:2      | Identified the +3 whip of Sandy Tortfeasance {freeze, rF+
                  | rC- rN+}
  1072 | D:2      | Found Ruedipha's Antique Armour Shoppe.
  1080 | D:2      | Reached skill level 4 in Evocations
  1080 | D:2      | Reached XP level 3. HP: 15/23 MP: 3/3
  1116 | D:2      | Identified the +4 ring mail of the Eternal Void {*Slow
                  | Regen+ Int+3}
  1118 | D:2      | Noticed Sigmund
  1151 | D:2      | Noticed Terence
  1163 | D:2      | Slain by Terence

Illustrated notes

Levels and vault maps discovered:
D:1:      ebering_trefoil_3fold, layout_basic, serial_shops, shop,
          minmay_tiny_reverse_x
D:2:      layout_rooms, ebering_ecumenical_altar_box, serial_shops,
          nicolae_shop_tiny_statue_garden, nicolae_shop_back_alley_shop,
          nicolae_shop_mannequins, nicolae_shop_overgrown_old_shop,
          uniq_terence, uniq_sigmund

Skill      XL: |  1  2  3 |
---------------+----------+-----
Evocations     | 4 |  4.0
Dodging        | 3 |  3.0
Fighting       | |  1.0
Stealth        | |  1.9
Unarmed Combat | |  0.6

Action                     || total
---------------------------++-------
  Melee: Club              ||    20
         Constrict         ||    10
         Tentacles         ||     6
         Long sword        ||    26
   Stab: Sleeping          ||     6
 Armour: Skin              ||    19
  Dodge: Dodged            ||    43

Table legend: (Time is in decaauts)
 A = Elapsed time spent in this place.
 B = Non-inter-level travel time spent in this place.
 C = Inter-level travel time spent in this place.
 D = Time resting spent in this place.
 E = Time spent auto-exploring this place.
 F = Levels seen in this place.
 G = Mean time per level.
                   A        B        C        D        E       F      G
               +--------+--------+--------+--------+--------+-----+--------+
         Total |   1178 |   1134 |     44 |     62 |    739 |   2 |  589.0 |
       Dungeon |   1178 |   1134 |     44 |     62 |    739 |   2 |  589.0 |
               +--------+--------+--------+--------+--------+-----+--------+

Top non-repeatable levels by time:
     D:1: 949 daAuts
     D:2: 228 daAuts
